 Dungeon Sprint DCSS version 0.17.0-22-g5edae84 (webtiles) character file.

3362 hexophile the Cleaver (level 10, -1/97 HPs)
             Began as a Ghoul Monk on Nov 12, 2015.
             Was the Champion of Cheibriados.
             Slain by a boulder beetle (34 damage)
             ... in the Dungeon (Sprint VII: "The Pits").
             The game lasted 00:04:19 (740 turns).

hexophile the Cleaver (Ghoul Monk)                   Turns: 740, Time: 00:04:19

Health: -1/97      AC: 13    Str: 37    XL:     10   Next: 3%
Magic:  3/15       EV: 13    Int: 23    God:    Cheibriados [******]
Gold:   0          SH:  0    Dex: 26    Spells: 0 memorised, 9 levels left

rFire  . . .     SeeInvis .     o - +1 broad axe (freeze)
rCold  + . .     Clarity  .     x - +4 scale mail
rNeg   + + +     SustAt   .     (no shield)
rPois  ∞         Gourm    .     u - +0 helmet
rElec  .         Spirit   .     w - +0 cloak
rCorr  .         Warding  .     v - +0 pair of gloves
rMut   .         NoTele   +     (no boots)
MR     .....                    (no amulet)
Stlth  +.........               p - +3 ring of strength
                                q - +3 ring of strength

@: rotting, very slow, not resistant to hostile enchantments, very unstealthy
A: rotting body, claws 1, carnivore 3, cold resistance 1, negative energy
resistance 3, slow regeneration 1, torment resistance, unbreathing
a: Bend Time, Temporal Distortion, Slouch, Step From Time, Renounce Religion


You were in the Dungeon.
You worshipped Cheibriados.
Cheibriados was exalted by your worship.
You were not hungry.

You visited 1 branch


Innate Abilities, Weirdness & Mutations

Your body is rotting away.
You thrive on raw meat.
You are immune to poison.
You have sharp fingernails.
You are carnivorous and can eat meat at any time.
Your flesh is cold resistant.
You are immune to negative energy.
You regenerate slowly when monsters are visible.
You are immune to unholy pain and torment.
You can survive without breathing.

Inventory:

Hand Weapons
 a - a +3 battleaxe
 o - a +1 broad axe of freezing (weapon)
Armour
 u - a +0 helmet (worn)
 v - a +0 pair of gloves (worn)
 w - a +0 cloak (worn)
 x - a +4 scale mail (worn)
Jewellery
 p - a +3 ring of strength (right hand)
 q - a +3 ring of strength (left hand)
Scrolls
 h - a scroll of blinking
 k - a scroll of remove curse
 l - a scroll of summoning
Potions
 c - 8 potions of curing
 d - a potion of lignification {unknown}
 e - 2 potions of haste
 f - 4 potions of magic
 g - 3 potions of berserk rage
 j - 2 potions of invisibility
 m - 9 potions of heal wounds
 s - a potion of resistance {rF+ rC+ rPois rElec rCorr}
 t - a potion of might {Str+5 DMG+1d10}
Comestibles
 b - 8 meat rations
 i - 40 fruits
 n - a chunk of flesh
 r - 7 bread rations


You had 9 spell levels left.
You didn't know any spells.


   Skills:
 - Level 11.8 Fighting
 * Level 13.7 Axes
 - Level 2.6 Dodging
 - Level 2.1 Stealth
 - Level 12.0 Unarmed Combat
 - Level 8.5 Invocations

Dungeon Overview and Level Annotations

Branches:
Dungeon (1/1)

Altars:
Ashenzari
Cheibriados
Dithmenos
Elyvilon
Fedhas
Kikubaaqudgha
Makhleb
Nemelex Xobeh
Okawaru
Qazlal
Ru
Sif Muna
Trog
Vehumet
Xom
Yredelemnul
Zin
The Shining One
Beogh
Jiyva
Lugonu

Vault maps used:
D:        pitsprint
You       could see a boulder beetle, an eye of draining and a black bear.


Message History

You see here a stone.
You hit the boulder beetle. You freeze the boulder beetle.
The boulder beetle is lightly wounded.
The fire drake breathes flames at you.
The blast of flame hits the kobold.
The kobold dies!
The blast of flame hits you!
You lost 18 HP.
You have now: 53/90 HP.
Unknown command.
You slash the boulder beetle! You freeze the boulder beetle.
The boulder beetle is moderately wounded.
The eye of draining turns its gaze towards you.
The boulder beetle bites you!!
* * * LOW HITPOINT WARNING * * *
!MASSIVE DAMAGE!
YOU LOST 23 HP!
You have now: 30/90 HP.
You can feel time thicken for a moment.
You feel somewhat more hungry. The eye of draining gazes at you.
You feel your power leaking away.
* * * LOW MAGIC WARNING * * *
The spiny frog stings you but does no damage.
The boulder beetle misses you.
Unknown command.
Unknown command.
You don't have enough magic at the moment.
Unknown command.
Unknown command.
Unknown command.
Unknown command.
You slice the boulder beetle!! You freeze the boulder beetle!
The boulder beetle is severely wounded.
You hit the spiny frog. You freeze the spiny frog.
The spiny frog seems to slow down.
The spiny frog is almost dead.
The fire drake breathes flames at you. The blast of flame misses you.
Unknown command.
You slice the fire drake!! You freeze the fire drake.
You kill the fire drake!
Cheibriados thoroughly appreciates the change of pace.
Your Axes skill increases to level 13!
You hit the boulder beetle. You freeze the boulder beetle.
The boulder beetle is almost dead.
You slash the spiny frog! You freeze the spiny frog.
You kill the spiny frog!
Cheibriados appreciates the change of pace.
You have reached level 10!
You feel stronger. The boulder beetle bites you!!
You die...

Action                   |  1- 3 |  4- 6 |  7- 9 | 10-12 || total
-------------------------+-------+-------+-------+-------++-------
Melee: Unarmed           |    16 |    41 |    22 |       ||    79
       Broad axe         |       |       |    33 |       ||    33
Invok: Bend Time         |       |     1 |     1 |       ||     2
       Slouch            |       |       |     4 |       ||     4
  Use: Potion            |       |     1 |       |       ||     1
       Scroll            |       |       |     2 |       ||     2
 Stab: Sleeping          |     4 |       |       |       ||     4
  Eat: Chunk             |     2 |     5 |    10 |       ||    17

Notes
Turn   | Place    | Note
--------------------------------------------------------------
     0 | D        | hexophile the Ghoul Monk began the quest for the Orb.
     0 | D        | Reached XP level 1. HP: 19/19 MP: 0/0
    22 | D        | Found a sacrificial altar of Ru.
    22 | D        | Found a basalt altar of Yredelemnul.
    22 | D        | Found a shadowy altar of Dithmenos.
    22 | D        | Found a deep blue altar of Sif Muna.
    22 | D        | Found a burning altar of Makhleb.
    22 | D        | Found a shimmering altar of Xom.
    22 | D        | Found an ancient bone altar of Kikubaaqudgha.
    22 | D        | Found a sparkling altar of Nemelex Xobeh.
    24 | D        | Found a glowing golden altar of the Shining One.
    24 | D        | Found a bloodstained altar of Trog.
    24 | D        | Found a shattered altar of Ashenzari.
    24 | D        | Found a white marble altar of Elyvilon.
    24 | D        | Found a snail-covered altar of Cheibriados.
    24 | D        | Found a blossoming altar of Fedhas.
    24 | D        | Found a radiant altar of Vehumet.
    24 | D        | Found a glowing silver altar of Zin.
    24 | D        | Found a corrupted altar of Lugonu.
    24 | D        | Found a viscous altar of Jiyva.
    24 | D        | Found a roughly hewn altar of Beogh.
    24 | D        | Found an iron altar of Okawaru.
    29 | D        | Found a stormy altar of Qazlal.
    31 | D        | Became a worshipper of Cheibriados the Contemplative
    31 | D        | Reached * piety under Cheibriados
    31 | D        | Reached ** piety under Cheibriados
    50 | D        | Reached skill level 4 in Fighting
    50 | D        | Reached skill level 5 in Unarmed Combat
    50 | D        | Reached XP level 2. HP: 25/28 MP: 1/1
    80 | D        | Noticed a brain worm
    88 | D        | Killed a brain worm
    88 | D        | Reached *** piety under Cheibriados
    88 | D        | Reached skill level 6 in Fighting
    88 | D        | Reached skill level 7 in Unarmed Combat
    88 | D        | Reached skill level 3 in Invocations
    88 | D        | Reached XP level 3. HP: 29/38 MP: 1/4
    88 | D        | Reached XP level 4. HP: 34/45 MP: 1/5
    94 | D        | Noticed a gnoll shaman
   101 | D        | Reached skill level 7 in Fighting
   106 | D        | Killed a gnoll shaman
   106 | D        | Reached **** piety under Cheibriados
   106 | D        | Reached skill level 8 in Unarmed Combat
   106 | D        | Reached skill level 4 in Invocations
   106 | D        | Reached XP level 5. HP: 30/53 MP: 3/7
   119 | D        | Reached skill level 8 in Fighting
   120 | D        | Reached ***** piety under Cheibriados
   237 | D        | Noticed a wight
   238 | D        | Noticed a crimson imp
   238 | D        | Noticed a wight
   238 | D        | Noticed a wight
   238 | D        | Noticed a wight
   239 | D        | Noticed a wight
   242 | D        | Killed a wight
   242 | D        | Reached skill level 9 in Unarmed Combat
   244 | D        | Killed a wight
   244 | D        | Reached skill level 9 in Fighting
   244 | D        | Reached skill level 5 in Invocations
   244 | D        | Reached XP level 6. HP: 48/62 MP: 8/8
   247 | D        | Killed a wight
   247 | D        | Reached ****** piety under Cheibriados
   248 | D        | Killed a crimson imp
   248 | D        | Reached skill level 10 in Unarmed Combat
   249 | D        | Noticed a wight
   250 | D        | Killed a wight
   250 | D        | Reached skill level 10 in Fighting
   250 | D        | Reached skill level 6 in Invocations
   258 | D        | Killed a wight
   259 | D        | Killed a wight
   259 | D        | Reached XP level 7. HP: 46/72 MP: 10/10
   276 | D        | Noticed a wight
   276 | D        | Noticed Prince Ribbit
   277 | D        | Noticed a wight
   278 | D        | Noticed a wight
   279 | D        | Noticed a wight
   280 | D        | Reached skill level 11 in Unarmed Combat
   284 | D        | Killed a wight
   284 | D        | Killed a wight
   284 | D        | Reached skill level 7 in Invocations
   284 | D        | Killed a wight
   284 | D        | Reached skill level 11 in Fighting
   284 | D        | Killed a wight
   289 | D        | Killed Prince Ribbit
   289 | D        | Reached skill level 12 in Unarmed Combat
   289 | D        | Reached skill level 8 in Invocations
   312 | D        | Noticed a black bear
   315 | D        | Killed a black bear
   315 | D        | Reached skill level 2 in Axes
   315 | D        | Reached XP level 8. HP: 70/83 MP: 7/13
   317 | D        | Noticed a cyclops
   320 | D        | Killed a cyclops
   320 | D        | Reached skill level 6 in Axes
   371 | D        | Noticed a gnoll shaman
   375 | D        | Killed a gnoll shaman
   375 | D        | Reached skill level 7 in Axes
   390 | D        | Noticed a wight
   390 | D        | Noticed a wight
   390 | D        | Noticed a wight
   390 | D        | Noticed an orc sorcerer
   390 | D        | Noticed a centaur
   393 | D        | Noticed a hellwing
   395 | D        | Killed a wight
   398 | D        | Noticed a red devil
   400 | D        | Killed a wight
   400 | D        | Killed an orc sorcerer
   400 | D        | Reached skill level 9 in Axes
   400 | D        | Reached XP level 9. HP: 39/90 MP: 14/14
   400 | D        | Killed a wight
   524 | D        | Killed a centaur
   524 | D        | Reached skill level 10 in Axes
   663 | D        | Noticed a kobold demonologist
   663 | D        | Noticed a big kobold
   664 | D        | Noticed a kobold demonologist
   665 | D        | Noticed a kobold demonologist
   665 | D        | Killed a big kobold
   668 | D        | Noticed Eustachio
   674 | D        | Killed a kobold demonologist
   674 | D        | Reached skill level 11 in Axes
   681 | D        | Killed a kobold demonologist
   681 | D        | Reached skill level 12 in Axes
   689 | D        | Noticed a sun demon
   694 | D        | Noticed a smoke demon
   694 | D        | Killed a kobold demonologist
   695 | D        | Killed Eustachio
   734 | D        | Noticed a boulder beetle
   734 | D        | Noticed a black bear
   734 | D        | Noticed an eye of draining
   736 | D        | Noticed a fire drake
   736 | D        | Noticed a spiny frog
   740 | D        | Killed a fire drake
   740 | D        | Reached skill level 13 in Axes
   740 | D        | Killed a spiny frog
   740 | D        | Reached XP level 10. HP: 33/97 MP: 3/15
   740 | D        | Slain by a boulder beetle

Table legend:
 A = Turns spent in this place as a percentage of turns spent in the entire game.
 B = Non-inter-level travel turns spent in this place as a percentage of non-inter-level travel turns spent in the entire game.
 C = Inter-level travel turns spent in this place as a percentage of turns spent in this place.
 D = Turns resting spent in this place as a percentage of non-inter-level travel turns spent in this place.
 E = Turns spent auto-exploring this place as a percentage of non-inter-level travel turns spent in this place.
 F = Non-inter-level travel turns spent in this place divided by the number of levels of this place that you've seen.
                   A       B       C       D       E      F
               +-------+-------+-------+-------+-------+----------------------
         Total | 100.0 | 100.0 |   0.2 |   0.7 |   0.0 | 562.0
       Dungeon | 100.0 | 100.0 |   0.2 |   0.7 |   0.0 | 562.0
               +-------+-------+-------+-------+-------+----------------------

Table legend:
 A = Kills in this place as a percentage of kills in entire the game.
 B = Kills by you in this place as a percentage of kills by you in the entire game.
 C = Kills by friends in this place as a percentage of kills by friends in the entire game.
 D = Other kills in this place as a percentage of other kills in the entire game.
 E = Experience gained in this place as a percentage of experience gained in the entire game.
 F = Experience gained in this place divided by the number of levels of this place that you have seen.
                   A       B       C       D       E      F
               +-------+-------+-------+-------+-------+----------------------
         Total | 100.0 | 100.0 |  -nan |  -nan | 100.0 | 4804.0
       Dungeon | 100.0 | 100.0 |  -nan |  -nan | 100.0 | 4804.0
               +-------+-------+-------+-------+-------+----------------------

Vanquished Creatures
  An orc sorcerer (D)
  A cyclops (D)
  A spiny frog (D)
  3 kobold demonologists (D)
  A fire drake (D)
  Prince Ribbit (D)
  Eustachio (D)
  A black bear (D)
  A centaur (D)
  A big kobold (D)
  A brain worm (D)
  A crimson imp (D)
  13 wights (D)
  2 gnoll shamans (D)
  An adder (D)
  8 gnolls (D)
  2 river rats (D)
  An ooze (D)
  A giant gecko (D)
  An orc (D)
  A ball python (D)
  A giant cockroach (D)
  A goblin (D)
  A quokka (D)
  A giant gecko skeleton (D)
  4 kobolds (D)
52 creatures vanquished.

Vanquished Creatures (others)
  A kobold (D)
1 creature vanquished.

Grand Total: 53 creatures vanquished
